 Dungeon Crawl Stone Soup version 0.19.4-8-ga85b6b9 (webtiles) character file.

238738 shpingle the Fighter (level 19, -4/149 HPs)
             Began as a Mummy Monk on Feb 11, 2017.
             Was the Champion of Ashenzari.
             Killed from afar by a hellion (30 damage)
             ... with damnation
             ... on level 3 of the Abyss on Feb 12, 2017.
             The game lasted 07:13:41 (72849 turns).

shpingle the Fighter (Mummy Monk)                  Turns: 72849, Time: 07:13:42

Health: -4/149     AC: 30    Str: 16      XL:     19   Next: 0%
Magic:  30/33      EV: 20    Int: 15 (17) God:    Ashenzari [******]
Gold:   254        SH:  0    Dex: 18 (20) Spells: 12 memorised, 3 levels left

rFire  . . .     SeeInvis +     Q - +4 lajatang (protect) (curse)
rCold  + . .     Gourm    .     C - +1 scale mail of Acema {rElec rF+ Dex+4} (curse)
rNeg   + + +     Faith    .     (shield currently unavailable)
rPois  ∞         Spirit   .     V - +2 hat (curse)
rElec  +         Reflect  .     T - +1 cloak (curse)
rCorr  .         Harm     .     e - +2 pair of gloves (curse)
MR     ++...     Clarity  +     W - +2 pair of boots (curse)
Stlth  +.........               (no amulet)
                                X - +3 ring of slaying (curse)
                                m - +3 ring of intelligence (curse)

@: protection aura, very slightly contaminated, repel missiles
A: no food or potions, fire vulnerability, cold resistance 1, negative energy
resistance 3, torment resistance, unbreathing, in touch with death 1
a: Curse Item, Scrying, Transfer Knowledge, Renounce Religion
}: 1/15 runes: decaying


You were on level 3 of the Abyss.
You worshipped Ashenzari.
Ashenzari was exalted by your worship.
You were not hungry.

You visited 8 branches of the dungeon, and saw 33 of its levels.
You visited the Abyss 1 time.
You also visited: Labyrinth.

You collected 2983 gold pieces.
You spent 2729 gold pieces at shops.

Inventory:

Hand Weapons
 Q - a cursed +4 lajatang of protection (weapon)
 S - the +6 Majin-Bo {vamp, Archmagi MP+6 Int+6}
   (You found it in a labyrinth)

   It inflicts no extra harm, but heals its wielder when it wounds a living foe.
   It affects your intelligence (+6).
   It affects your magic capacity (+6).
Missiles
 b - a javelin of penetration
 c - 2 throwing nets
 h - 11 tomahawks
 U - 4 silver tomahawks (quivered)
Armour
 e - a cursed +2 pair of gloves (worn)
 k - a +0 helmet
 C - the cursed +1 scale mail of Acema (worn) {rElec rF+ Dex+4}
   (You found it on level 5 of the Dungeon)

   It affects your dexterity (+4).
   It protects you from fire.
   It insulates you from electricity.
   It has a curse placed upon it.
 F - +1 fire dragon scales
 M - the cursed +0 plate armour of Giaschiuc {rF+ Int+3}
   (You found it in a labyrinth)

   It affects your intelligence (+3).
   It protects you from fire.
   It has a curse placed upon it.
 O - a +2 cloak of invisibility
 T - a cursed +1 cloak (worn)
 V - a cursed +2 hat (worn)
 W - a cursed +2 pair of boots (worn)
Jewellery
 m - a cursed +3 ring of intelligence (left hand)
 p - an uncursed amulet of faith
 y - an uncursed ring of protection from fire
 H - an uncursed ring of resist corrosion
 X - a cursed +3 ring of slaying (right hand)
 Y - the ring of Yciethrea {+Inv rElec rPois Str+3}
   (You bought it in a shop on level 14 of the Dungeon)

   [ring of poison resistance]

   It affects your strength (+3).
   It insulates you from electricity.
   It protects you from poison.
   It lets you turn invisible.
Wands
 l - a wand of confusion (10/48)
 n - a wand of acid (0/15)
 q - a wand of lightning (5/15)
 s - a wand of slowing (28/48)
 u - a wand of enslavement (1/24)
 v - a wand of iceblast (2/15)
 w - a wand of confusion (27/48)
 x - a wand of iceblast (4/15)
 A - a wand of polymorph (7/24)
 G - a wand of lightning (6/15)
 I - a wand of digging (9/24)
 L - a wand of flame (15/48)
 N - a wand of paralysis (1/24)
 P - a wand of lightning (9/15)
 R - a wand of hasting (5/9)
 Z - a wand of disintegration (0/24)
Scrolls
 i - 3 scrolls of magic mapping
 j - a scroll of teleportation
 z - a scroll of fear
 B - a scroll of blinking
 D - a scroll of identify
 E - a scroll of holy word
 K - 5 scrolls of fog
Miscellaneous
 g - 2 phantom mirrors
 o - a phial of floods
 J - a fan of gales


   Skills:
 + Level 13.2 Fighting
   Level 1.6(2.8) Axes
   Level 3.6(7.1) Maces & Flails
 - Level 9.3(15.1) Staves
   Level 1.2 Bows
 - Level 6.6 Throwing
 - Level 10.5(14.7) Armour
 + Level 11.5(15.7) Dodging
 - Level 2.0 Stealth
 + Level 10.0 Spellcasting
 + Level 9.8(12.6) Conjurations
   Level 4.0(6.8) Hexes
 + Level 8.3(11.3) Necromancy
 - Level 2.7(5.2) Translocations
 - Level 9.2(12.1) Fire Magic
 - Level 4.2(7.1) Air Magic
 - Level 1.5(3.6) Poison Magic
 - Level 8.0(11.0) Evocations


You had 3 spell levels left.
You knew the following spells:

 Your Spells              Type           Power        Failure   Level  Hunger
a - Mephitic Cloud        Conj/Pois/Air  ####....     3%          3    N/A
b - Control Undead        Necr           ######....   2%          4    N/A
c - Fireball              Conj/Fire      #####.....   6%          5    N/A
d - Vampiric Draining     Necr           ######....   1%          3    N/A
f - Delayed Fireball      Conj/Fire      N/A          97%         7    N/A
g - Corpse Rot            Necr           N/A          1%          2    N/A
h - Blink                 Tloc           N/A          4%          2    N/A
i - Repel Missiles        Chrm/Air       ###...       10%         2    N/A
k - Conjure Flame         Conj/Fire      #####...     1%          3    N/A
l - Call Imp              Summ           #.......     34%         2    N/A
m - Stone Arrow           Conj/Erth      ####..       6%          3    N/A
z - Animate Dead          Necr           N/A          2%          4    N/A

Dungeon Overview and Level Annotations

Branches:
Dungeon (15/15)            Temple (1/1) D:7            Lair (6/6) D:11
  Swamp (4/4) Lair:3       Spider (3/4) Lair:4        Slime (0/5) Lair:6
    Orc (2/2) D:11            Elf (1/3) Orc:2        Vaults (1/5) D:14
 Depths (0/5) D:15

Altars:
Ashenzari
Cheibriados
Dithmenos
Elyvilon
Fedhas
Gozag
Hepliaklqana
Kikubaaqudgha
Makhleb
Nemelex Xobeh
Okawaru
Qazlal
Ru
Sif Muna
Trog
Uskayaw
Vehumet
Xom
Yredelemnul
Zin
The Shining One
Beogh
Jiyva

Shops:
D:11 :   D:14 =   Orc:2 :!(?   Vaults:1 [

Portals:
Pandemonium: Orc:2

Annotations:
D:7 exclusion: downstairs
D:9 exclusions: killer bee and 3 more exclusions
Lair:5 exclusion: downstairs
Swamp:1 exclusion: Roxanne, Roxanne
Spider:3 Mara


Innate Abilities, Weirdness & Mutations

You do not eat or drink.
Your flesh is vulnerable to fire.
You are immune to poison.
Your flesh is cold resistant. (rC+)
You are immune to negative energy. (rN+++)
You are immune to unholy pain and torment.
You can survive without breathing.
You are in touch with the powers of death.


Message History

The floor.
Casting: Stone Arrow
Confirm with . or Enter, or press ? or * to list all spells.
Okay, then.
Press: ? - help, v - describe, . - travel
Here: a hellion (translocational energy)
The floor.
Casting: Stone Arrow
Confirm with . or Enter, or press ? or * to list all spells.
Aiming: Stone Arrow
Press: ? - help, Shift-Dir - straight line, f - hellion
Aim: a hellion (translocational energy)
The stone arrow hits the hellion.
The hellion is moderately wounded.
You slice the hellion!!
Your weapon exudes an aura of protection.
The hellion is severely wounded.
The hellion gestures at you.
The sphere of damnation explodes!
The damnation engulfs you!
You die...

* * . . ◊ . .◙◙ §*◙◙ *
, * ,,* .
...◙◙.§.§.◙◙◙* ,*, ,,
** .*█ ...[.◙
,.{KK.◙.◙, , ,,* *
.◙.*.....◙◙ .K‡K..◙◙ ,
***, ,, . ...█..
.◙.KKK.. ◙, * * **, ,
* * .◙....◊◙◙◙....◙.◙◙
* * ,,
............◙◙◙..◙◙◙.
* ,,* , ,..
...........2╬◙++◙...*,
,** . *,.. .█.
...◊@█..◊.. ** ,, █*
,,◙**...◙.◊█...█.. ,
,* ██*◙
*◙◙█...◊◊◊{.█..█, , ,
. .* ◙...◙.*◊╬ ..,◙ *
,, .,**,
..█..◊....╬...., * ,
,, .. ., .........◊
..╬,.╬ * , ╬ . .....,,
*╬...... , ,, ,╬, .
╬..... ◊╬ ╬(.╬* * , *
**,,.. ..◊◊◊█◊.. ,..
.. ,*, ,


You could see a hellion.

Vanquished Creatures
  the Lernaean hydra (Swamp:4)
  Arachne (Spider:2)
  Rupert (D:15)
  Frances (D:12)
  Kirke (D:12)
  A thorn hunter (Swamp:2)
  Donald (Swamp:1)
  6 vault wardens
  Aizul (Spider:2)
  2 emperor scorpions
  Louise (Spider:2)
  3 ghost moths
  An orc warlord (Orc:2)
  2 ironheart preservers (Vaults:1)
  A stone giant (D:2)
  A very ugly thing (Vaults:1)
  2 entropy weavers
  The ghost of antares the Impaler, a journeyman MfGl of Okawaru (Lair:4)
  Snorg (Lair:6)
  A fire dragon (D:15)
  Josephine (D:10)
  A minotaur (Lab)
  5 yaktaur captains
  14 hydras
  Harold (Orc:1)
  2 ice dragons (Vaults:1)
  The ghost of Flapstick the Nimble, a journeyman MfGl of Hepliaklqana (D:11)
  A vault guard (D:14)
  10 centaur warriors
  3 ghost crabs
  A catoblepas (Lair:6)
  3 alligators
  3 death knights
  The ghost of Sneeker134 the Grappler, a novice TrMo of Qazlal (D:8)
  8 ogre magi
  A hell hog (Abyss:2)
  5 orc high priests (Orc:2)
  9 death yaks
  5 deep elf knights (Elf:1)
  Nergalle (D:11)
  Sonja (D:11)
  2 wretched stars (Abyss:2)
  A deep troll (shapeshifter) (D:15)
  2 unseen horrors
  A torturous demonspawn (Orc:2)
  3 skeletal warriors (D:14)
  2 glowing orange brains
  A gelid demonspawn (Orc:2)
  2 spriggan druids (Swamp:4)
  Pikel (D:6)
  11 swamp dragons
  2 infernal demonspawn (Orc:2)
  2 ironbrand convokers (Vaults:1)
  2 shambling mangroves
  8 hill giants
  3 wizards (Vaults:1)
  11 orb spiders
  9 orc knights
  A lindwurm (Lair:6)
  20 ugly things
  13 deep elf magi
  24 wolf spiders
  16 elephants
  6 cyclopes
  9 orc sorcerers (Orc:2)
  2 manticores
  Maurice (D:9)
  A torpor snail (Spider:2)
  6 black mambas
  A rust devil (Orc:2)
  A vault sentinel (D:14)
  2 centaur zombies (D:15)
  A spiny frog (shapeshifter) (D:10)
  2 smoke demons
  21 spiny frogs
  4 kobold demonologists
  2 freezing wraiths
  18 yaktaurs (Vaults:1)
  A rime drake (shapeshifter) (Vaults:1)
  2 rime drakes
  7 komodo dragons
  11 demonic crawlers
  A tormentor (Abyss:2)
  2 hellwings (Orc:2)
  10 trolls
  A queen bee (D:8)
  2 ancient zymes (Abyss:2)
  16 hornets
  29 jumping spiders
  13 polar bears
  11 two-headed ogres
  A blink frog (shapeshifter) (Vaults:1)
  5 tyrant leeches
  26 blink frogs
  Prince Ribbit (D:8)
  3 raiju (Abyss:2)
  13 bog bodies
  15 slime creatures
  10 dream sheep (Lair:6)
  6 hippogriffs
  19 spriggans
  15 tarantellas
  22 redbacks
  2 vampires
  An air elemental (Elf:1)
  2 water elementals (Elf:1)
  2 humans (shapeshifter)
  36 yaks
  6 wraiths
  2 wyverns
  2 basilisks
  A fire bat (shapeshifter) (Vaults:1)
  3 fire elementals
  A steam dragon (D:15)
  13 vampire mosquitoes
  8 wargs
  Edmund (D:4)
  2 mottled dragons
  15 swamp worms
  3 insubstantial wisps
  5 hell hounds (Spider:2)
  6 water moccasins
  16 swamp drakes
  2 large abominations (Abyss:2)
  7 porcupines
  42 orc warriors
  4 sky beasts
  2 ice beasts
  A hornet zombie (D:14)
  6 phantoms
  5 black bears
  2 boggarts (Lair:6)
  23 wolves
  35 ogres
  14 centaurs
  A big kobold (shapeshifter) (D:15)
  12 crocodiles
  4 big kobolds
  22 bullfrogs
  An earth elemental (Orc:2)
  A wyvern skeleton (D:9)
  2 scorpions (D:6)
  14 killer bees
  6 wights
  3 electric eels
  4 howler monkeys
  6 crimson imps
  3 bullfrog zombies
  A quasit (D:6)
  28 orc priests
  11 hounds
  6 jellies
  2 bullfrog skeletons
  5 centaur skeletons
  5 iguanas
  Natasha (thrice) (D:4)
  15 orc wizards
  7 worker ants
  A hound zombie (D:4)
  4 gnolls
  16 adders
  A river rat (D:10)
  4 shadow imps
  An ooze (D:3)
  An adder zombie (D:6)
  2 adder skeletons (D:5)
  A worm (shapeshifter) (D:13)
  2 worms
  5 dart slugs
  3 leopard geckos
  102 orcs
  5 bats
  7 giant cockroaches
  8 goblins
  13 hobgoblins
  21 jackals
  23 kobolds
  4 quokkas
  5 ball pythons
  12 frilled lizards
  8 rats
  2 briar patches (Swamp:2)
  A fungus (Swamp:4)
1247 creatures vanquished.

Vanquished Creatures (collateral kills)
  Nikola (Swamp:2)
  Gastronok (D:8)
  A vault warden (Vaults:1)
  2 ironheart preservers (Vaults:1)
  Azrael (Spider:2)
  6 hydras
  A ghost crab (Swamp:3)
  2 alligators
  4 swamp dragons
  An ironbrand convoker (Vaults:1)
  An orc knight (Vaults:1)
  2 ugly things
  An orc sorcerer (Orc:2)
  3 wolf spiders (Spider:2)
  2 jumping spiders
  A two-headed ogre (Vaults:1)
  5 bog bodies
  2 hornets
  2 blink frogs
  A vampire mosquito (Swamp:4)
  5 swamp worms
  11 insubstantial wisps
  A swamp drake (Swamp:3)
  2 orc warriors
  A phantom (D:8)
  4 ogres (Vaults:1)
  3 orcs
  A bush (Swamp:4)
68 creatures vanquished.

Vanquished Creatures (others)
  A spriggan (Swamp:4)
  An ugly thing (D:14)
  A centaur skeleton (D:14)
  A jumping spider (Spider:3)
  2 hornets (Swamp:4)
  2 humans (D:13)
  2 orc warriors
  2 swamp drakes (Swamp:4)
  A slave (D:6)
  2 centaurs
  A wight (D:6)
  A crimson imp (D:6)
  An orc wizard (D:6)
  4 orcs
  A bush (Lair:6)
  29 fungi
  12 plants
64 creatures vanquished.

Grand Total: 1379 creatures vanquished

Notes
Turn   | Place    | Note
-------+----------+-------------------------------------------
     0 | D:1      | shpingle the Mummy Monk began the quest for the Orb.
     0 | D:1      | Reached XP level 1. HP: 18/18 MP: 1/1
   363 | D:1      | Reached XP level 2. HP: 23/24 MP: 2/2
   913 | D:2      | Found a shattered altar of Ashenzari.
   922 | D:2      | Reached skill level 3 in Polearms
   966 | D:2      | Reached XP level 3. HP: 22/29 MP: 3/3
   973 | D:2      | Became a worshipper of Ashenzari the Shackled
   973 | D:2      | Reached * piety under Ashenzari
   973 | D:2      | Reached ** piety under Ashenzari
  1624 | D:2      | Reached XP level 4. HP: 31/35 MP: 4/4
  2603 | D:3      | Reached XP level 5. HP: 24/41 MP: 5/5
  2952 | D:3      | Found a shadowy altar of Dithmenos.
  3472 | D:4      | Noticed Natasha
  3482 | D:4      | Killed Natasha
  3595 | D:4      | Noticed Natasha
  3602 | D:4      | Killed Natasha
  3682 | D:4      | Reached *** piety under Ashenzari
  3708 | D:4      | Noticed Natasha
  3710 | D:4      | Killed Natasha
  3710 | D:4      | Reached XP level 6. HP: 47/47 MP: 6/6
  3881 | D:4      | Learned a level 1 spell: Magic Dart
  4208 | D:4      | Noticed Edmund
  4233 | D:4      | Killed Edmund
  4233 | D:4      | Reached skill level 3 in Armour
  4238 | D:4      | Learned a level 3 spell: Dazzling Spray
  4567 | D:5      | Entered Level 5 of the Dungeon
  4572 | D:5      | Reached XP level 7. HP: 52/52 MP: 7/7
  4576 | D:5      | Got the uncursed scale mail of Acema {rElec rF+ Dex+4}
  4588 | D:5      | Identified the +1 scale mail of Acema {rElec rF+ Dex+4} (You found it on level 5 of the Dungeon)
  5072 | D:6      | Noticed Pikel
  5099 | D:6      | Killed Pikel
  5099 | D:6      | Reached skill level 3 in Maces & Flails
  5099 | D:6      | Reached XP level 8. HP: 58/58 MP: 8/8
  5138 | D:6      | Found a shimmering altar of Xom.
  5276 | D:6      | Reached skill level 3 in Hexes
  5587 | D:6      | Reached XP level 9. HP: 63/63 MP: 10/10
  5756 | D:6      | Found a white marble altar of Elyvilon.
  5757 | D:6      | Found a stormy altar of Qazlal.
  5882 | D:7      | Found a staircase to the Ecumenical Temple.
  5886 | D:7      | Identified the +9 spear of Eternity {venom, +Fly rF- rN++ Int+3}
  5890 | Temple   | Entered the Ecumenical Temple
  5941 | Temple   | Reached **** piety under Ashenzari
  6543 | D:7      | Reached skill level 3 in Conjurations
  6884 | D:8      | Noticed a troll
  6932 | D:8      | Killed a troll
  7169 | D:8      | Noticed a queen bee
  7460 | D:8      | Reached skill level 6 in Maces & Flails
  7752 | D:8      | Noticed Sneeker134's ghost (novice TrMo)
  7764 | D:8      | Killed Sneeker134's ghost
  7764 | D:8      | Reached skill level 4 in Fighting
  7764 | D:8      | Reached XP level 10. HP: 33/71 MP: 13/13
  8233 | D:8      | Noticed Prince Ribbit
  8327 | D:8      | Noticed Gastronok
  8348 | D:9      | Reached skill level 6 in Armour
  8678 | D:9      | Identified the +10 shortbow of Annihilation {flame, Str+5}
  9149 | D:9      | Noticed Maurice
  9158 | D:9      | Killed Maurice
  9213 | D:9      | Reached skill level 3 in Dodging
  9437 | D:9      | Reached ***** piety under Ashenzari
  9708 | D:8      | Killed Gastronok
  9708 | D:8      | Reached skill level 5 in Fighting
  9930 | D:8      | Reached skill level 6 in Fighting
 10313 | D:8      | Killed Prince Ribbit
 10560 | D:10     | Entered Level 10 of the Dungeon
 10643 | D:10     | Reached XP level 11. HP: 49/81 MP: 14/14
 10648 | D:10     | Noticed a hill giant
 10667 | D:10     | Killed a hill giant
 10689 | D:10     | Noticed an orb spider
 10695 | D:10     | an orb spider changed into a spiny frog
 10815 | D:10     | Noticed an unseen horror
 10830 | D:10     | Killed an unseen horror
 11403 | D:10     | Reached skill level 9 in Maces & Flails
 11685 | D:10     | Noticed Josephine
 11713 | D:10     | Killed Josephine
 11893 | D:11     | Noticed Flapstick's ghost (journeyman MfGl)
 12534 | D:11     | Found a staircase to the Orcish Mines.
 12547 | D:11     | Found a staircase to the Lair.
 12553 | D:11     | Noticed Sonja
 12565 | D:11     | Found Hulyamew's Book Boutique.
 12602 | D:11     | Killed Sonja
 12602 | D:11     | Reached skill level 3 in Spellcasting
 12602 | D:11     | Reached skill level 3 in Evocations
 12650 | D:11     | Reached skill level 6 in Dodging
 12690 | Lair:1   | Entered Level 1 of the Lair of Beasts
 13046 | Lair:1   | Reached skill level 7 in Fighting
 13247 | Lair:1   | Reached XP level 12. HP: 72/91 MP: 17/17
 14604 | Lair:3   | Noticed a five-headed hydra
 14614 | Lair:3   | Killed a five-headed hydra
 14795 | Lair:3   | Reached skill level 8 in Fighting
 15074 | Lair:3   | Found a staircase to the Swamp.
 15634 | Lair:4   | Found a hole to the Spider Nest.
 15794 | Lair:4   | Reached skill level 3 in Throwing
 16126 | Lair:4   | Noticed antares's ghost (journeyman MfGl)
 16149 | Lair:4   | Killed antares's ghost
 16456 | Lair:4   | Gained mutation: You are in touch with the powers of death. [Mummy growth]
 16456 | Lair:4   | Reached XP level 13. HP: 99/99 MP: 19/19
 17276 | Lair:5   | Reached ****** piety under Ashenzari
 17395 | Lair:5   | Reached skill level 9 in Fighting
 17763 | Lair:6   | Entered Level 6 of the Lair of Beasts
 18077 | Lair:5   | HP: 1/101 [death yak (21)]
 18776 | Lair:6   | Noticed Snorg
 18792 | Lair:6   | Killed Snorg
 19039 | Lair:6   | Found a viscous altar of Jiyva.
 19040 | Lair:6   | Found a staircase to the Slime Pits.
 19414 | Lair:6   | Learned a level 5 spell: Fireball
 19422 | Lair:6   | Learned a level 7 spell: Delayed Fireball
 19753 | Lair:6   | Reached skill level 6 in Conjurations
 19978 | Lair:6   | Reached skill level 9 in Armour
 20452 | Lair:6   | Reached XP level 14. HP: 103/109 MP: 14/20
 20918 | Lair:6   | Reached skill level 3 in Fire Magic
 21420 | Lair:6   | Identified the +2 robe "Paitey" {rElec}
 21583 | Lair:6   | Reached skill level 10 in Fighting
 21817 | Lair:6   | Reached skill level 9 in Dodging
 22327 | D:11     | Killed Flapstick's ghost
 22327 | D:11     | Reached skill level 6 in Throwing
 22610 | D:11     | Noticed Nergalle
 22622 | D:11     | Killed Nergalle
 22995 | D:12     | Noticed Frances
 23013 | D:12     | Killed Frances
 23650 | D:12     | Reduced skill Polearms to level 3
 24305 | D:13     | Reached skill level 6 in Spellcasting
 24317 | D:13     | Noticed Kirke
 24322 | D:13     | Noticed a sphinx
 24326 | D:13     | Paralysed by a sphinx for 3 turns
 24344 | D:12     | Killed Kirke
 24975 | D:13     | Found a roughly hewn altar of Beogh.
 26079 | D:14     | Reached XP level 15. HP: 98/117 MP: 24/24
 26145 | D:14     | Found Hirug's Jewellery Boutique.
 26534 | D:14     | Bought the ring of Yciethrea {+Inv rElec rPois Str+3} for 804 gold pieces
 26713 | D:11     | Bought a book of Necromancy for 420 gold pieces
 26713 | D:11     | Bought a book of Minor Magic for 280 gold pieces
 26717 | D:11     | Learned a level 3 spell: Mephitic Cloud
 26719 | D:11     | Learned a level 1 spell: Animate Skeleton
 26722 | D:11     | Learned a level 2 spell: Corpse Rot
 26726 | D:11     | Learned a level 3 spell: Vampiric Draining
 26765 | Orc:1    | Entered Level 1 of the Orcish Mines
 27305 | Orc:1    | Noticed Harold
 27315 | Orc:1    | Killed Harold
 28256 | D:14     | Found a gate to the Vaults.
 28384 | D:15     | Entered Level 15 of the Dungeon
 28404 | D:15     | Noticed Rupert
 28435 | D:15     | Killed Rupert
 28877 | D:15     | Reached skill level 6 in Evocations
 29001 | D:15     | Reached skill level 6 in Fire Magic
 29006 | D:15     | Reached skill level 3 in Necromancy
 30722 | D:15     | Found a staircase to the Depths.
 31007 | D:15     | Reached skill level 11 in Fighting
 47486 | Orc:2    | Entered Level 2 of the Orcish Mines
 47545 | Orc:2    | Found a labyrinth entrance.
 47554 | Lab      | Entered a labyrinth
 48105 | Lab      | Learned a level 2 spell: Blink
 48264 | Lab      | Identified the Reference Book on Entrancing Poison
 48273 | Lab      | Identified the cursed +0 plate armour of Giaschiuc {rF+ Int+3} (You found it in a labyrinth)
 48449 | Orc:2    | Found a staircase to the Elven Halls.
 48931 | Orc:2    | Noticed an orc warlord
 48978 | Orc:2    | Killed an orc warlord
 49017 | Orc:2    | Found a roughly hewn altar of Beogh.
 49814 | Orc:2    | Found Kowarru's Distillery.
 49820 | Orc:2    | Found Byuheemp's Magic Scroll Shoppe.
 49857 | Orc:2    | Reached XP level 16. HP: 125/125 MP: 23/27
 50025 | Orc:2    | Reached skill level 6 in Necromancy
 50177 | Orc:2    | Bought a scroll of teleportation for 33 gold pieces
 50177 | Orc:2    | Bought a scroll of fog for 22 gold pieces
 50177 | Orc:2    | Bought a scroll of identify for 22 gold pieces
 50698 | Orc:1    | Learned a level 2 spell: Repel Missiles
 50702 | Orc:1    | Learned a level 3 spell: Ignite Poison
 50706 | Orc:1    | Learned a level 3 spell: Conjure Flame
 51060 | Orc:2    | Found Gois's Book Boutique.
 51060 | Orc:2    | Found Ygiwkil's Antique Weapon Shop.
 51060 | Orc:2    | Found a one-way gate leading to the halls of Pandemonium.
 51595 | Swamp:1  | Entered Level 1 of the Swamp
 51644 | Swamp:1  | Reached skill level 3 in Staves
 51849 | Swamp:1  | Noticed Donald
 51867 | Swamp:1  | Killed Donald
 52380 | Swamp:1  | Noticed Roxanne
 52503 | Swamp:1  | Reduced skill Maces & Flails to level 6
 53577 | Swamp:1  | Reached skill level 6 in Staves
 53843 | Spider:1 | Entered Level 1 of the Spider Nest
 54904 | Spider:1 | Reduced skill Maces & Flails to level 3
 55426 | Spider:1 | Reached skill level 9 in Staves
 56851 | Spider:2 | Noticed Louise
 56884 | Spider:2 | Killed Louise
 57234 | Spider:2 | Noticed Arachne
 57261 | Spider:2 | Killed Arachne
 57286 | Spider:2 | Noticed Azrael
 57286 | Spider:2 | Reached XP level 17. HP: 60/133 MP: 7/29
 57756 | Spider:2 | Killed Azrael
 58640 | Spider:3 | Noticed Aizul
 58795 | Spider:2 | Reached skill level 3 in Air Magic
 58942 | Spider:2 | Killed Aizul
 59048 | Spider:2 | Reached skill level 12 in Fighting
 59472 | Spider:3 | Noticed Mara
 60920 | Swamp:2  | Noticed Nikola
 60926 | Swamp:2  | Killed Nikola
 61900 | Swamp:3  | Reached skill level 9 in Spellcasting
 63297 | Swamp:4  | Entered Level 4 of the Swamp
 65380 | Swamp:4  | Reached XP level 18. HP: 118/140 MP: 4/31
 65710 | Swamp:4  | Noticed the 27-headed Lernaean hydra
 65960 | Swamp:4  | Learned a level 2 spell: Call Imp
 65964 | Swamp:4  | Learned a level 3 spell: Stone Arrow
 66013 | Swamp:4  | Killed the 26-headed Lernaean hydra
 66577 | Swamp:4  | Got a decaying rune of Zot
 67138 | Vaults:1 | Entered Level 1 of the Vaults
 67683 | Vaults:1 | Reached skill level 9 in Conjurations
 67916 | Vaults:1 | Found Qakoison's Antique Armour Shoppe.
 68058 | Vaults:1 | Bought a dazzling leather armour for 168 gold pieces
 68058 | Vaults:1 | Identified the +1 leather armour of Purpose {rElec} (You bought it in a shop on level 1 of the Vaults)
 68320 | Orc:2    | Bought a book of Death for 980 gold pieces
 69087 | Vaults:1 | Reached skill level 9 in Fire Magic
 69972 | D:14     | Learned a level 4 spell: Animate Dead
 69977 | D:14     | Learned a level 4 spell: Control Undead
 70303 | Vaults:1 | Reached skill level 13 in Fighting
 71940 | Elf:1    | Entered Level 1 of the Elven Halls
 72386 | Elf:1    | Cast into level 2 of the Abyss (a deep elf demonologist)
 72503 | Abyss:2  | Found a hazy altar of Hepliaklqana.
 72743 | Abyss:2  | Reached XP level 19. HP: 55/149 MP: 23/33
 72760 | Abyss:2  | Paralysed by you for 7 turns
 72765 | Abyss:2  | HP: 4/149 [apocalypse crab (12)]
 72804 | Abyss:3  | Found a corrupted altar of Lugonu.
 72849 | Abyss:3  | Killed from afar by a hellion

Skill      XL: |  1  2  3  4  5  6  7  8  9 10 11 12 13 14 15 16 17 18 |
---------------+-------------------------------------------------------+-----
Armour         | 1 2 3 4 5 6 8 9 10 | 10.5
Polearms       | 3 4 0 |  0.0
Throwing       | 1 3 5 6 |  6.6
Axes           | 1 |  1.6
Conjurations   | 1 2 3 4 6 7 8 9 |  9.8
Maces & Flails | 3 4 6 8 9 3 |  3.6
Hexes          | 2 3 4 |  4.0
Stealth        | 2 |  2.0
Evocations     | 1 2 3 4 5 6 7 8 |  8.0
Spellcasting   | 2 3 4 6 7 8 9 10 | 10.0
Fighting       | 4 6 7 8 9 10 11 12 13 | 13.2
Bows           | 1 |  1.2
Dodging        | 4 6 7 8 9 10 11 | 11.5
Fire Magic     | 2 5 6 7 8 9 |  9.2
Necromancy     | 5 7 8 |  8.3
Staves         | 9 |  9.3
Poison Magic   | 1 |  1.5
Air Magic      | 2 4 |  4.2
Translocations | 2 |  2.7

Action                   |  1- 3 |  4- 6 |  7- 9 | 10-12 | 13-15 | 16-18 | 19-21 || total
-------------------------+-------+-------+-------+-------+-------+-------+-------++-------
Melee: Spear             |   176 |   287 |       |       |       |       |       ||   463
       War axe           |       |    30 |       |       |       |       |       ||    30
       Dire flail        |       |    24 |   301 |   875 |  1887 |   151 |       ||  3238
       Quarterstaff      |       |       |       |       |       |   348 |       ||   348
       Lajatang          |       |       |       |       |       |  1406 |     5 ||  1411
Throw: Stone             |     9 |    25 |    96 |   171 |    82 |       |       ||   383
       Javelin           |       |    14 |    16 |    47 |   179 |    27 |       ||   283
       Tomahawk          |       |     6 |    20 |    69 |    40 |   137 |       ||   272
       Throwing net      |       |       |       |       |     4 |       |       ||     4
 Cast: Magic Dart        |       |       |       |     3 |    24 |     3 |       ||    30
       Dazzling Spray    |       |       |       |       |   108 |    46 |       ||   154
       Animate Skeleton  |       |       |       |       |    30 |    92 |       ||   122
       Mephitic Cloud    |       |       |       |       |    23 |   197 |       ||   220
       Fireball          |       |       |       |       |    11 |   157 |       ||   168
       Corpse Rot        |       |       |       |       |     4 |     3 |       ||     7
       Vampiric Draining |       |       |       |       |     3 |    11 |       ||    14
       Blink             |       |       |       |       |     1 |     8 |       ||     9
       Conjure Flame     |       |       |       |       |       |    12 |       ||    12
       Repel Missiles    |       |       |       |       |       |     7 |       ||     7
       Ignite Poison     |       |       |       |       |       |     1 |       ||     1
       Animate Dead      |       |       |       |       |       |    18 |       ||    18
       Stone Arrow       |       |       |       |       |       |     7 |     1 ||     8
       Call Imp          |       |       |       |       |       |     4 |       ||     4
Invok: Curse Item        |       |     1 |     1 |     3 |     1 |     3 |       ||     9
       Scrying           |       |       |       |     1 |       |       |     1 ||     2
       Transfer Knowledg |       |       |       |       |     1 |     2 |       ||     3
Evoke: Wand              |       |       |     8 |    19 |    46 |    68 |     1 ||   142
       Sack of spiders   |       |       |       |     1 |       |     1 |       ||     2
       Phantom mirror    |       |       |       |     1 |       |       |       ||     1
       Phial of floods   |       |       |       |       |       |     1 |       ||     1
  Use: Scroll            |       |       |    11 |    11 |    16 |    31 |       ||    69
 Stab: Sleeping          |     1 |       |       |     1 |       |       |       ||     2
       Confused          |       |       |     4 |    11 |    13 |   101 |       ||   129
       Paralysed         |       |       |       |     7 |     5 |       |       ||    12
       Distracted        |       |       |       |     2 |     5 |    12 |       ||    19
       Invisible         |       |       |       |       |    35 |     7 |       ||    42
       Held in net/web   |       |       |       |       |     3 |       |       ||     3
       Betrayed ally     |       |       |       |       |     1 |     1 |       ||     2
Armor: Chain mail        |    63 |   168 |       |       |       |       |       ||   231
       Scale mail        |       |    12 |   152 |   276 |   473 |  1019 |     8 ||  1940
Dodge: Dodged            |    55 |   105 |   166 |   349 |   986 |  2006 |     4 ||  3671
       Deflected         |       |       |       |       |       |    28 |       ||    28
